AoeStats
← The Crusader

Highland

504631230Analyzed
4v4 RM · 27d ago on Sep 6, 2026· 48m 31s· 8 players
Game mode
Random Map
Map size
Large (8 player)
Population
200
Speed
Normal
Resources
Standard
Victory
Conquest
Starting age
Dark Age
Ending age
Imperial Age
RankedLock teamsTeams togetherTeam positionsShared explorationLock speedFull tech treeHidden civsTurbo modeCheats
Victory
Defeat
🇺🇸 Italians · United States
1447
+12
🇺🇸 Persians · United States
1447
+12
🇨🇳 Khmer · China
1435
+12
🇨🇦 Saracens · Canada
1387
+14
1419
-14
🇨🇳 Franks · China
1359
-13
🇨🇳 Wei · China
1327
-12
🇨🇳 Magyars · China
1312
-11
thegoodjunk
8:18 Loom
10:38 Feudal Age
13:15 Double-Bit Axe
18:00 Castle Age
17:47 Fletching
18:55 Medium Warships
25:30 Horse Collar
37:55 Imperial Age
36:00 Bow Saw
38:05 Ballistics
39:35 Chemistry
39:08 Heavy Warships
38:43 Bodkin Arrow
38:49 Padded Archer Armor
39:33 Bracer
39:57 Gold Mining
39:57 Stone Mining
40:05 Elite Cannon Galleon
40:45 Elite Genoese Crossbowman
42:48 Leather Archer Armor
48:54 Ring Archer Armor
The Crusader
5:56 Loom
8:59 Feudal Age
10:36 Double-Bit Axe
15:01 Wheelbarrow
18:30 Fletching
21:08 Castle Age
21:48 Medium Warships
21:39 Bodkin Arrow
29:03 Bow Saw
28:33 Horse Collar
29:21 Town Watch
31:14 Heavy Plow
33:59 Hand Cart
35:33 Gold Mining
40:14 Imperial Age
39:06 Gold Shaft Mining
38:52 Stone Mining
39:36 Scale Barding Armor
39:42 Forging
40:55 Chain Barding Armor
41:47 Chemistry
41:12 Conscription
41:05 Bloodlines
40:56 Husbandry
41:13 Elite War Elephant
43:32 Plate Barding Armor
43:34 Iron Casting
44:36 Citadels
andfoul
6:58 Loom
9:07 Feudal Age
10:13 Double-Bit Axe
10:52 Horse Collar
16:43 Wheelbarrow
19:45 Castle Age
19:50 Light Cavalry
20:41 Bloodlines
20:31 Husbandry
20:35 Scale Mail Armor
20:42 Scale Barding Armor
21:15 Bow Saw
23:24 Chain Barding Armor
24:38 Forging
31:34 Iron Casting
31:09 Heavy Plow
33:37 Gold Mining
35:20 Hand Cart
39:21 Imperial Age
40:05 Fletching
41:34 Elite Battle Elephant
43:33 Conscription
43:58 Gold Shaft Mining
44:05 Hussar
45:55 Plate Barding Armor
46:37 Devotion
46:53 Caravan
48:56 Blast Furnace
[GDL] RagnarokCo
6:39 Loom
9:42 Feudal Age
13:56 Fletching
18:26 Padded Archer Armor
24:29 Castle Age
24:27 Wheelbarrow
23:38 Double-Bit Axe
23:34 Horse Collar
23:49 Gold Mining
25:10 Bodkin Arrow
24:37 Crossbowman
26:28 Thumb Ring
29:34 Hand Cart
29:31 Bow Saw
29:22 Heavy Plow
30:26 Leather Archer Armor
34:59 Ballistics
39:27 Imperial Age
40:15 Arbalester
41:08 Bracer
42:14 Chemistry
46:29 Two-Man Saw
46:06 Gold Shaft Mining
45:22 Stone Mining
46:03 Ring Archer Armor
46:14 Town Watch
老菜套
12:05 Feudal Age
12:50 Loom
13:06 Double-Bit Axe
15:39 Horse Collar
26:04 Castle Age
24:25 Stone Mining
24:27 Gold Mining
26:10 Town Watch
27:26 Wheelbarrow
27:45 Bow Saw
28:12 Stone Shaft Mining
28:55 Fletching
30:30 Bodkin Arrow
31:56 Heavy Plow
34:13 Hand Cart
38:15 Imperial Age
36:34 Town Patrol
36:43 Scale Barding Armor
38:14 Gold Shaft Mining
38:50 Capped Ram
39:22 Elite Tiger Cavalry
40:24 Conscription
40:32 Chain Barding Armor
40:50 Tuntian
41:14 Forging
40:53 Siege Ram
43:31 Ming Guang Armor
45:21 Onager
47:43 Coinage
46:40 Onager
st9901544
5:57 Loom
12:30 Feudal Age
16:55 Castle Age
14:47 Double-Bit Axe
15:45 Fletching
17:57 Medium Warships
18:39 Bow Saw
18:43 Bodkin Arrow
21:36 Padded Archer Armor
28:28 Demolition Ship
34:35 Gold Mining
40:25 Imperial Age
37:59 Elite Skirmisher
39:29 Stone Mining
47:24 Sanctity
乌合之众
5:33 Loom
11:58 Feudal Age
17:07 Double-Bit Axe
20:44 Castle Age
21:18 Forging
27:01 Scale Barding Armor
28:23 Wheelbarrow
29:12 Chain Barding Armor
34:31 Iron Casting
39:14 Imperial Age
39:08 Husbandry
39:27 Cavalier
41:21 Plate Barding Armor
43:00 Paladin
46:45 Blast Furnace
你可以打我队友吗
11:49 Feudal Age
12:49 Loom
15:39 Castle Age
13:26 Double-Bit Axe
13:34 Horse Collar
18:33 Bow Saw
25:30 Medium Warships
27:43 Wheelbarrow
26:58 Pikeman
28:55 Scale Barding Armor
28:51 Scale Mail Armor
29:40 Fletching
30:07 Chain Mail Armor
31:09 Forging
34:07 Iron Casting
36:32 Heavy Plow
46:28 Squires
46:14 Arson
47:05 Iron Casting
49:46 Imperial Age
47:33 Hand Cart
47:44 Bodkin Arrow
Connection lost

Rejoining the realm…

Still unreachable

The connection could not be restored.

Session expired

The server has moved on; the page needs a fresh start.